Map: Divergence LE

Players

qqq

  • Race: Protoss Protoss
  • League: Platinum
  • Spawn Location: 5:00

Massa

  • Race: Terran Terran
  • League: Gold
  • Spawn Location: 5:00

Sarkwos - Winner!

  • Race: Terran Terran
  • League: Platinum
  • Spawn Location: 11:00

EpileptiCz - Winner!

  • Race: Protoss Protoss
  • League: Platinum
  • Spawn Location: 11:00

VOD

Have the link to the VOD?

Description

Time

  • Played on: Aug. 12, 2020, noon
  • Length: 5:00
Show
View Real Time Build Order
Export as new Build Order

qqq Protoss 

Build Orders:  

Get SALT Encoding   

  12  0:02  Probe  
  13  0:14  Probe  
  14  0:21  Pylon  
  14  0:36  Probe  
  15  0:48  Probe  
  16  1:00  Probe  
  17  1:07  Nexus  
  17  1:21  Probe  
  18  1:28  Gateway  
  18  1:33  Probe  
  19  1:45  Pylon  
  19  1:46  Probe  
  20  1:49  Assimilator  
  20  1:53  Assimilator  
  20  1:58  Probe  
  21  2:03  Forge  
  21  2:10  Probe  
  22  2:31  Probe  
  23  2:37  Probe  
  23  2:43  Probe  
  25  2:47  Cybernetics Core  
  25  2:49  Probe  
  26  2:55  Probe  
  27  3:01  Probe  
  27  3:05  Zealot (Chrono Boost)  
  28  3:07  Probe  
  28  3:08  Photon Cannon  
  31  3:13  Probe  
  31  3:19  Probe  
  33  3:25  Probe  
  33  3:26  Stargate  
  34  3:29  Stargate  
  34  3:32  Probe  
  35  3:37  Stalker (Chrono Boost)  
  35  3:38  Probe  
  38  3:44  Probe  
  38  3:49  Pylon  
  38  3:50  Probe  
  39  3:56  Probe  
  39  4:02  Probe, Stalker (Chrono Boost)  
  41  4:08  Probe  
  44  4:15  Photon Cannon  
  44  4:16  Pylon  
  44  4:18  Photon Cannon  
  44  4:23  Photon Cannon  
  42  4:26  Photon Cannon  
  42  4:32  Phoenix  
Show
View Real Time Build Order
Export as new Build Order

Massa Terran 

Build Orders:  

Get SALT Encoding   

  12  0:02  SCV  
  13  0:14  SCV  
  14  0:22  Supply Depot  
  14  0:26  SCV  
  15  0:30  Refinery  
  15  0:43  SCV  
  15  0:47  Barracks  
  16  0:59  SCV  
  17  1:11  SCV  
  18  1:23  SCV  
  19  1:35  SCV  
  20  1:46  Reaper  
  21  1:50  Command Center  
  21  1:54  Orbital Command  
  21  2:03  Supply Depot  
  21  2:28  Reaper  
  22  2:32  Barracks  
  22  2:35  SCV  
  23  2:47  SCV, Factory  
  24  3:00  Marine  
  25  3:18  Marine  
  26  3:32  Barracks Tech Lab  
  26  3:35  Marine  
  26  3:36  Barracks  
  27  3:45  Factory Tech Lab  
  27  3:47  Orbital Command  
  27  3:49  Factory  
  27  3:53  Marauder  
  29  3:57  Marine  
  30  4:12  Bunker  
  30  4:15  Marine  
  28  4:33  Marine  
  24  4:47  Barracks  
  24  4:48  Barracks x3  
  24  4:52  Barracks  
Show
View Real Time Build Order
Export as new Build Order

Sarkwos Terran - Winner!

Build Orders:  

Get SALT Encoding   

  12  0:00  SCV  
  13  0:14  Supply Depot  
  13  0:20  SCV  
  14  0:32  SCV  
  15  0:39  Barracks  
  15  0:45  SCV  
  16  0:52  Refinery  
  17  0:57  SCV  
  17  1:09  SCV  
  18  1:21  SCV  
  19  1:33  SCV  
  19  1:35  Barracks Reactor  
  20  1:41  Barracks  
  20  1:48  Barracks  
  20  1:53  Supply Depot  
  21  1:54  Orbital Command  
  20  2:11  Marine x2  
  22  2:15  Supply Depot  
  22  2:22  SCV, Engineering Bay  
  23  2:28  Barracks Tech Lab  
  23  2:29  Marine  
  24  2:32  Supply Depot  
  24  2:33  Marine  
  25  2:38  Barracks Reactor  
  25  2:42  SCV  
  26  2:47  Marine  
  27  2:51  Marine  
  27  2:53  Marine  
  29  3:05  Marine  
  30  3:09  Marine  
  30  3:11  Marine, Combat Shield  
  32  3:15  Marine  
  32  3:17  Marine  
  34  3:22  Marine  
  35  3:27  Marine  
  35  3:29  Marine  
  35  3:32  Marine  
  38  3:35  Marine  
  38  3:36  Refinery  
  38  3:40  Marine  
  40  3:42  Barracks  
  40  3:43  SCV  
  40  3:45  Marine  
  40  3:46  Marine  
  43  3:57  Marine x2  
  43  3:58  Marine  
  46  4:02  Marine  
  47  4:33  Marine  
  47  4:36  Marine  
  47  4:38  Marine x2  
  47  4:41  Marine  
Show
View Real Time Build Order
Export as new Build Order

EpileptiCz Protoss - Winner!

Build Orders:  

Get SALT Encoding   

  12  0:00  Probe  
  13  0:12  Probe  
  14  0:25  Probe  
  15  0:34  Pylon  
  15  0:46  Assimilator  
  15  0:52  Probe (Chrono Boost)  
  15  0:53  Gateway  
  16  1:04  Probe (Chrono Boost)  
  17  1:12  Probe (Chrono Boost)  
  18  1:23  Probe, Pylon  
  19  1:26  Assimilator  
  19  1:43  Cybernetics Core  
  19  1:58  Probe  
  19  1:59  Zealot  
  19  2:01  Gateway  
  22  2:03  Gateway  
  22  2:10  Probe (Chrono Boost)  
  23  2:19  Probe (Chrono Boost), Warp Gate (Chrono Boost)  
  24  2:25  Probe (Chrono Boost)  
  26  2:37  Probe  
  26  2:39  Stalker (Chrono Boost)  
  28  2:47  Pylon  
  30  3:00  Stalker (Chrono Boost)  
  30  3:01  Pylon  
  27  3:05  Stalker (Chrono Boost)  
  32  3:18  Gateway  
  32  3:21  Robotics Facility  
  32  3:59  Pylon  
  32  4:04  Pylon  
  32  4:05  Stalker x3  
  38  4:23  Immortal (Chrono Boost)  
  38  4:25  Stalker  
Tags
 
Add a new tag
Caveats
  • Supply blocks, unpowered buildings, or Contaminate may cause inaccurate times.
  • Supply counts are checked every 10 seconds.